 Dungeon Crawl Stone Soup version 0.31-a0-325-g067879e3d3 (webtiles) character file.

Game seed: 13337299657376707102

7371 MacCMillion the Geomancer (level 11, -3/72 HPs)
             Began as a Gargoyle Earth Elementalist on July 18, 2023.
             Was a Priest of Makhleb.
             Killed from afar by a gargoyle (20 damage)
             ... with a stone arrow
             ... on level 10 of the Dungeon.
             The game lasted 00:24:05 (10423 turns).

MacCMillion the Geomancer (GrEE)                   Turns: 10423, Time: 00:24:05

Health: -3/72      AC: 20    Str: 11    XL:     11   Next: 14%
Magic:  2/21       EV: 11    Int: 21    God:    Makhleb [***...]
Gold:   460        SH:  0    Dex:  8    Spells: 16/24 levels left

rFire   + . .        J - staff of earth
rCold   x . .        (no shield)
rNeg    + + +        S - +0 acid dragon scales
rPois   ∞            (no helmet)
rElec   +            y - +0 cloak
rCorr   +            k - +0 pair of gloves
SInv    .            (no boots)
Will    .....        (no amulet)
Stlth   +            n - +4 ring of protection
HPRegen 0.32/turn    o - ring "Zejy" {Fire rN++ rCorr Dex-2 Slay+2}
MPRegen 0.17/turn

%: no passive effects
@: no status effects
A: sickness immunity, AC +8, negative energy resistance 1, electricity
resistance, torment resistance 1, petrification resistance
a: Renounce Religion, Minor Destruction, Lesser Servant of Makhleb


You were on level 10 of the Dungeon.
You worshipped Makhleb.
Makhleb was most pleased with you.
You visited 1 branch of the dungeon, and saw 10 of its levels.
You also visited: Sewer.

You collected 460 gold pieces.

Inventory:

Hand Weapons
 q - a +0 club
 r - a +0 dagger of freezing
 u - a +0 sling
 B - the +6 dagger of Taxation {flame, Dex+5}
   (You found it on level 4 of the Dungeon)

   Dex:       It affects your dexterity (+5).
 C - the +8 falchion of Circular Logic {venom, Drain rC- rCorr Int+9}
   (You found it on level 4 of the Dungeon)

   Int:       It affects your intelligence (+9).
   rC:        It makes you vulnerable to cold.
   rCorr:     It protects you from acid and corrosion.
   Drain:     It drains your maximum health when unequipped.
Missiles
 l - 24 poisoned darts
 z - 6 boomerangs of dispersal
 A - 64 stones
 H - 2 curare-tipped darts
 P - 2 boomerangs
Armour
 k - a +0 pair of gloves (worn)
 y - a +0 cloak (worn)
 S - +0 acid dragon scales (worn)
Magical Staves
 J - a staff of earth (weapon)
Jewellery
 n - a +4 ring of protection (left hand)
 o - the ring "Zejy" (right hand) {Fire rN++ rCorr Dex-2 Slay+2}
   (You found it on level 2 of the Dungeon)

   [ring of fire]

   It enhances your fire magic.
   Dex:       It affects your dexterity (-2).
   Slay:      It affects your accuracy & damage with ranged weapons and melee
   (+2).
   rF:        It protects you from fire.
   rC:        It makes you vulnerable to cold.
   rN:        It greatly protects you from negative energy.
   rCorr:     It protects you from acid and corrosion.
 T - an amulet of regeneration
Wands
 G - a wand of mindburst (8)
 Q - a wand of flame (17)
 R - a wand of roots (4)
 V - a wand of paralysis (8)
Scrolls
 a - a scroll of fog {unknown}
 c - 12 scrolls of identify
 g - 2 scrolls of poison {unknown}
 j - 2 scrolls of revelation {unknown}
 p - 3 scrolls of amnesia
 t - 3 scrolls of brand weapon
 x - a scroll of blinking {unknown}
 D - 5 scrolls of fear
 F - 2 scrolls of immolation {unknown}
 I - 3 scrolls of teleportation {unknown}
 K - a scroll of vulnerability {unknown}
 L - a scroll of acquirement {unknown}
 M - 2 scrolls of noise {unknown}
 N - 2 scrolls of enchant armour {unknown}
Potions
 b - 5 potions of magic
 d - 3 potions of heal wounds {unknown}
 e - a potion of degeneration {unknown}
 f - 2 potions of haste
 h - 3 potions of mutation {unknown}
 i - 2 potions of enlightenment {unknown}
 m - a potion of brilliance {unknown}
 s - 2 potions of experience {unknown}
 v - a potion of cancellation {unknown}
 w - 4 potions of curing {unknown}
 E - a potion of ambrosia {unknown}
 O - 2 potions of might {unknown}
 U - a potion of attraction {unknown}
Miscellaneous
 W - a lightning rod (4/4)


   Skills:
 - Level 10.0 Fighting
 - Level 1.5 Dodging
 - Level 2.1 Stealth
 - Level 7.0 Spellcasting
 - Level 5.0 Conjurations
 - Level 4.0 Transmutations
 + Level 11.7 Earth Magic
 - Level 4.0 Invocations


You had 16 spell levels left.
You knew the following spells:

 Your Spells              Type           Power      Damage    Failure   Level
a - Sandblast             Erth           100%       2d20      1%          1
b - Stone Arrow           Conj/Erth      100%       3d13      1%          3
c - Petrify               Tmut/Erth      57%        N/A       5%          4

Your spell library contained the following spells:

 Spells                   Type           Power      Damage    Failure   Level
 Magic Dart               Conj           100%       1d8       1%          1
 Passwall                 Tmut/Erth      47%        N/A       1%          2
 Searing Ray              Conj           56%        2d6       2%          2
 Shock                    Conj/Air       68%        1d7       4%          1
 Freeze                   Ice            28%        1d5       14%         1
 Hailstorm                Conj/Ice       17%        3d6       14%         3
 Frozen Ramparts          Ice            14%        1d3       38%         3
 Swiftness                Air            7%         N/A       38%         3
 Vhi's Electric Charge    Tloc/Air       14%        N/A       38%         3
 Fulminant Prism          Conj/Hex       8%         3d7       43%         4
 Airstrike                Air            3%         2d(1-17)  80%         4
 Dispel Undead            Necr           7%         3d8       80%         4
 Passage of Golubria      Tloc           7%         N/A       80%         4
 Arcjolt                  Conj/Air       8%         1d18      80%         5
 Silence                  Hex/Air        3%         N/A       98%         5
 Death Channel            Necr           3%         N/A       100%        6
 Plasma Beam              Fire/Air       5%         2x1d16    100%        6
 Lehudib's Crystal Spear  Conj/Erth      29%        10d8      100%        8
 Cigotuvi's Dreadful Rot  Necr/Pois/Air  Unusable   N/A       N/A         2

Dungeon Overview and Level Annotations

Branches:
Dungeon (10/15)            Temple (0/1) D:7            Lair (0/5) D:8
    Orc (0/2) D:10          Sewer (visited)

Altars:
Dithmenos
Hepliaklqana
Kikubaaqudgha
Makhleb
Nemelex Xobeh
Qazlal
Ru
Sif Muna
Trog
Vehumet

Shops:
D:4 :


Innate Abilities, Weirdness & Mutations

You are immune to sickness and miasma.
Your stone body is resilient. (AC +8)
You are immune to poison.
You resist negative energy. (rN+)
You are resistant to electric shocks. (rElec)
You are resistant to unholy torment.
You are immune to petrification.


Message History

Press: ? - help, Shift-Dir - straight line, f/p - Grum
Aim: Grum, wielding a +1 glaive and wearing a +0 animal skin (heavily wounded, 81% to hit)
You feel a surge of power!
The stone arrow hits Grum!!
You kill Grum!
Makhleb accepts your kill.
Casting: Stone Arrow (safe; 1% risk of failure)
Confirm with . or Enter, or press ? or * to list all spells.
Okay, then.
You are too injured to fight recklessly!
Aiming: Sandblast (safe; 1% risk of failure)
Press: ? - help, Q - select action, (/) - cycle Shift-Dir - straight line, f - wolf
Aim: a wolf (76% to hit)
You feel a surge of power!
The blast of sand hits the wolf!
The wolf is heavily wounded.
The wolf barely misses you. The wolf bites you but does no damage.
Aiming: Sandblast (safe; 1% risk of failure)
Press: ? - help, Q - select action, (/) - cycle Shift-Dir - straight line, f/p - wolf
Aim: a wolf (heavily wounded, 76% to hit)
You feel a surge of power!
The blast of sand hits the wolf!
You kill the wolf!
Makhleb accepts your kill.
You feel better.
Training target 7.0 for Spellcasting reached!
Your Spellcasting skill increases to level 7!
As you read the scroll labelled KAKADET UROENK, it crumbles to dust.
You assume a fearsome visage.
The gargoyle is unaffected.
It was a scroll of fear.
The gargoyle hits you with a +0 flail!
As you read the scroll labelled QIBOUL LUCUE, it crumbles to dust.
It is a scroll of amnesia.
Really abort (and waste the scroll)?
Okay, then.
The gargoyle hits you with a +0 flail!
* * * LOW HITPOINT WARNING * * *
As you read the scroll labelled SEAXTUGADA, it crumbles to dust.
It is a scroll of brand weapon.
Your +0 dagger is covered with a thin layer of ice!
r - a +0 dagger of freezing The gargoyle hurls a stone arrow at you.
The stone arrow hits you!!
You die...

###..........#...#...###..#..#...
.........###.#...#..............#
..######## #..................YY.
..# #######...#########+#. #.#
### #....#.#.# #. #.#
#...#.##.#...## #. ..#
#.'.##)#....# ## ...
#.#..#9#....# ..# .9.#..#@#....#
.. ..## #..#.#....# ## .9
####.#....# ### . #.#....# #°.
#.#....# #°# #.#....# #°# #.# #.#
#.# #°# #.# #°#


You could see a gargoyle.

Vanquished Creatures
  2 two-headed ogres
  Pikel (D:6)
  Maurice (D:9)
  Joseph (D:8)
  A troll (D:9)
  Eustachio (D:6)
  A shadow (D:9)
  3 yaks (D:10)
  2 steam dragons
  Grum (D:10)
  3 wargs (D:10)
  An acid dragon (D:8)
  A water moccasin (D:7)
  2 black bears
  An orc warrior (D:9)
  3 ice beasts
  3 ogres (D:7)
  4 wolves (D:10)
  3 centaurs
  3 lemures (D:6)
  A phantom (D:6)
  3 kobold brigands
  4 bullfrogs
  A scorpion (D:4)
  3 wights
  6 killer bees
  4 jellies
  2 orc priests (D:5)
  3 hounds
  A sleepcap (D:8)
  2 iguanas
  Natasha (thrice) (D:4)
  4 orc wizards
  3 gnolls (D:5)
  14 adders
  3 river rats (Sewer)
  3 white imps
  9 worms
  The ghost of fly the Sneak, a weakling DgDe (D:6)
  A dart slug (D:4)
  22 orcs
  7 ball pythons
  6 bats
  15 endoplasms
  4 giant cockroaches
  5 goblins
  4 hobgoblins
  4 jackals (D:1)
  5 quokkas
  6 frilled lizards
  15 kobolds
  16 rats
218 creatures vanquished.

Notes
Turn   | Place    | Note
-------+----------+-------------------------------------------
     0 | D:1      | MacCMillion the Gargoyle Earth Elementalist began the quest
                  | for the Orb.
     0 | D:1      | Reached XP level 1. HP: 10/10 MP: 3/3
   341 | D:1      | Reached XP level 2. HP: 15/15 MP: 3/5
   420 | D:1      | Reached skill level 4 in Earth Magic
  1332 | D:2      | Reached XP level 3. HP: 19/19 MP: 2/7
  1471 | D:2      | Identified the ring "Zejy" {Fire rN++ rCorr Dex-2 Slay+2}
  2400 | D:3      | Reached skill level 5 in Earth Magic
  2400 | D:3      | Reached XP level 4. HP: 22/24 MP: 4/8
  2774 | D:3      | Learned a level 3 spell: Stone Arrow
  2853 | D:3      | Found a shadowy altar of Dithmenos.
  3125 | D:4      | Noticed Natasha
  3127 | D:4      | Killed Natasha
  3128 | D:4      | Reached skill level 1 in Conjurations
  3167 | D:4      | Reached XP level 5. HP: 28/28 MP: 6/9
  3202 | D:4      | Noticed Natasha
  3213 | D:4      | Noticed a black bear
  3341 | D:4      | Identified the +6 dagger of Taxation {flame, Dex+5}
  3352 | D:4      | Killed Natasha
  3425 | D:4      | Identified the +8 falchion of Circular Logic {venom, Drain
                  | rC- rCorr Int+9}
  3582 | D:4      | Found a burning altar of Makhleb.
  3587 | D:4      | Reached skill level 6 in Earth Magic
  3608 | D:4      | Became a worshipper of Makhleb the Destroyer
  3654 | D:4      | Killed a black bear
  3655 | D:4      | Reached XP level 6. HP: 32/32 MP: 7/10
  3701 | D:4      | Noticed Natasha
  3705 | D:4      | Killed Natasha
  3910 | D:4      | Found Roca's Tremendous Tomes.
  3948 | D:4      | Found a radiant altar of Vehumet.
  4021 | D:4      | Found a sacrificial altar of Ru.
  4199 | D:5      | Entered Level 5 of the Dungeon
  4207 | D:5      | Reached skill level 7 in Earth Magic
  4207 | D:5      | Reached skill level 1 in Invocations
  4207 | D:5      | Reached XP level 7. HP: 36/36 MP: 8/11
  4410 | D:5      | Found a hazy altar of Hepliaklqana.
  4516 | D:5      | Reached * piety under Makhleb
  4640 | D:5      | Found a glowing drain.
  4647 | Sewer    | Entered a sewer
  4922 | Sewer    | Found a viscous altar of Jiyva.
  5066 | D:5      | Reached skill level 5 in Conjurations
  5324 | D:5      | Reached skill level 8 in Earth Magic
  5324 | D:5      | Reached XP level 8. HP: 31/41 MP: 7/12
  5733 | D:6      | Reached skill level 1 in Fighting
  5791 | D:6      | Learned a level 4 spell: Petrify
  5808 | D:6      | Noticed Eustachio
  5825 | D:6      | Killed Eustachio
  5883 | D:6      | Reached ** piety under Makhleb
  6112 | D:6      | Noticed Pikel
  6295 | D:6      | Reached skill level 5 in Fighting
  6440 | D:6      | Killed Pikel
  6441 | D:6      | Reached skill level 5 in Spellcasting
  6441 | D:6      | Reached XP level 9. HP: 56/56 MP: 12/16
  6481 | D:6      | Found a runed translucent door.
  6481 | D:6      | Noticed fly's ghost (weakling DgDe)
  6693 | D:6      | Killed fly's ghost
  7061 | D:7      | Found a sparkling altar of Nemelex Xobeh.
  7334 | D:7      | Found a stormy altar of Qazlal.
  7404 | D:7      | Found a staircase to the Ecumenical Temple.
  7861 | D:8      | Found a staircase to the Lair.
  7888 | D:8      | Reached skill level 10 in Fighting
  7926 | D:8      | Noticed a two-headed ogre
  7934 | D:8      | Killed a two-headed ogre
  7935 | D:8      | Reached XP level 10. HP: 68/68 MP: 3/17
  8136 | D:8      | Reached skill level 9 in Earth Magic
  8157 | D:8      | Noticed Joseph
  8245 | D:8      | Killed Joseph
  8245 | D:8      | Reached *** piety under Makhleb
  8359 | D:8      | Found an ancient bone altar of Kikubaaqudgha.
  8785 | D:9      | Noticed a two-headed ogre
  8796 | D:9      | Killed a two-headed ogre
  8797 | D:9      | Reached skill level 10 in Earth Magic
  9009 | D:9      | Noticed Maurice
  9014 | D:9      | Paralysed by Maurice for 2 turns
  9018 | D:9      | Killed Maurice
  9546 | D:9      | Found a shimmering blue altar of Sif Muna.
  9904 | D:10     | Entered Level 10 of the Dungeon
 10106 | D:10     | Reached skill level 11 in Earth Magic
 10152 | D:10     | Reached XP level 11. HP: 72/72 MP: 16/20
 10218 | D:10     | Found a bloodstained altar of Trog.
 10362 | D:10     | Found a staircase to the Orcish Mines.
 10402 | D:10     | Noticed Grum
 10418 | D:10     | Killed Grum
 10423 | D:10     | Killed from afar by a gargoyle

Illustrated notes

Levels and vault maps discovered:
D:1:      onia_arrival_mini_spirals, layout_loops_ring
D:2:      layout_basic
D:3:      layout_rooms, nicolae_dithmenos_through_a_glass_darkly, serial_rivers,
          chequers_serial_rivers_large_b, chequers_serial_rivers_room_a,
          chequers_serial_rivers_small_a, chequers_serial_rivers_small_a
D:4:      layout_loops_cross, lightli_temple_of_fire,
          nicolae_ru_great_annihilating_truth, nicolae_vehumet_radiance,
          chequers_serial_rivers_small_a, nicolae_shop_i_like_big_books,
          uniq_natasha
D:5:      layout_loops_ring, nicolae_hepliaklqana_hazy_memory,
          lightli_sewer_entry_pipes, serial_glass, glass_columns_a,
          glass_columns_a
D:6:      layout_basic, gammafunk_ghost_grave, serial_curves, eino_curves_04,
          eino_curves_04, minivault_19, uniq_eustachio, uniq_pikel
D:7:      layout_gridville, mainiacjoe_overflow_catwalk,
          nemelex_dance_club_becter, minmay_temple_entry_glass
D:8:      layout_rooms, nicolae_kikubaaqudgha_miasma_corner,
          hangedman_decor_points, uniq_joseph
D:9:      layout_stronghold, lemuel_tele_altar, uniq_maurice
D:10:     lemuel_ice_spiral_2, layout_stronghold,
          nicolae_overflow_hidden_temple, mainiacjoe_overflow_tiny_flanked,
          minmay_orc_entry_guard_dogs, uniq_grum

Skill      XL: |  1  2  3  4  5  6  7  8  9 10 11 |
---------------+----------------------------------+-----
Earth Magic    | 4 5 6 7 8 11 | 11.7
Spellcasting   | 3 5 6 7 |  7.0
Conjurations   | 1 3 5 |  5.0
Invocations    | 1 4 |  4.0
Fighting       | 6 10 | 10.0
Transmutations | 2 4 |  4.0
Dodging        | |  1.5
Stealth        | |  2.1

Action                     |  1- 3 |  4- 6 |  7- 9 | 10-12 || total
---------------------------+-------+-------+-------+-------++-------
  Melee: Unarmed           |     1 |       |       |       ||     1
         Dagger            |     1 |       |       |       ||     1
   Fire: Sling             |       |    27 |    33 |       ||    60
   Cast: Sandblast         |    62 |    57 |   171 |    64 ||   354
         Stone Arrow       |       |       |    16 |    30 ||    46
 Invoke: Minor Destruction |       |       |     1 |     3 ||     4
    Use: Scroll            |       |       |     1 |     3 ||     4
 Armour: Robe              |    12 |     7 |    57 |       ||    76
         Acid dragon scale |       |       |       |    41 ||    41
  Dodge: Dodged            |     9 |    13 |    49 |    53 ||   124

Table legend: (Time is in decaauts)
 A = Elapsed time spent in this place.
 B = Non-inter-level travel time spent in this place.
 C = Inter-level travel time spent in this place.
 D = Time resting spent in this place.
 E = Time spent auto-exploring this place.
 F = Levels seen in this place.
 G = Mean time per level.
                   A        B        C        D        E       F      G
               +--------+--------+--------+--------+--------+-----+--------+
         Total |  10717 |  10401 |    316 |   2272 |   5946 |  11 |  974.3 |
       Dungeon |  10300 |   9984 |    316 |   2149 |   5855 |  10 | 1030.0 |
         Sewer |    416 |    416 |      0 |    123 |     91 |   1 |  416.0 |
               +--------+--------+--------+--------+--------+-----+--------+

Top non-repeatable levels by time:
     D:6: 1253 daAuts
     D:2: 1214 daAuts
     D:9: 1151 daAuts
     D:4: 1129 daAuts
     D:8: 1099 daAuts
     D:5: 1049 daAuts
     D:1: 1006 daAuts
     D:3: 999 daAuts
     D:7: 866 daAuts
    D:10: 531 daAuts
   Sewer: 416 daAuts
